Map: Dusty Gorge

Players

WizardShades

  • Race: Protoss Protoss
  • League: Diamond
  • Spawn Location: 5:00

Jcaires

  • Race: Zerg Zerg
  • Spawn Location: 3:00

Weon - Winner!

  • Race: Terran Terran
  • Spawn Location: 9:00

Adversity - Winner!

  • Race: Terran Terran
  • Spawn Location: 11:00

VOD

Have the link to the VOD?

Description

Time

  • Played on: Sept. 1, 2018, 6:48 p.m.
  • Length: 8:48
Show
View Real Time Build Order
Export as new Build Order

WizardShades Protoss 

Build Orders:  

Get SALT Encoding   

  12  0:03  Probe  
  13  0:20  Pylon  
  13  0:22  Probe  
  14  0:33  Probe  
  14  0:41  Gateway  
  14  0:42  Probe  
  15  0:46  Assimilator  
  16  0:53  Probe  
  17  1:02  Probe  
  17  1:10  Probe  
  18  1:12  Pylon  
  19  1:20  Probe  
  20  1:28  Cybernetics Core  
  20  1:32  Probe  
  21  1:34  Assimilator  
  21  1:44  Probe  
  22  2:04  Stargate  
  22  2:11  Adept  
  22  2:15  Probe  
  24  2:27  Probe  
  25  2:48  Nexus, Probe  
  25  2:50  Adept  
  28  2:54  Pylon  
  28  3:01  Pylon  
  28  3:05  Warp Gate, Shield Battery  
  28  3:09  Adept  
  30  3:31  Twilight Council  
  30  3:53  Sentry  
  24  3:57  Robotics Facility  
  24  4:01  Gateway  
  26  4:03  Gateway  
  26  4:05  Pylon  
  26  4:08  Resonating Glaives  
  26  4:23  Probe  
  27  4:29  Gateway  
  25  4:44  Immortal  
  23  4:59  Protoss Air Weapons Level 1  
  23  5:10  Sentry x2  
  23  5:12  Zealot  
  26  5:21  Probe  
  19  5:30  Probe  
  19  5:34  Probe  
  20  5:38  Probe  
  21  5:46  Probe  
  20  6:16  Probe  
  20  6:18  Probe  
  20  6:19  Dark Shrine  
  20  6:24  Probe  
  22  6:30  Probe  
  19  6:51  Probe  
  20  6:55  Probe  
  20  6:56  Warp Prism  
  23  7:03  Probe  
  23  7:07  Probe  
  25  7:23  Probe  
  25  7:27  Probe  
  27  7:31  Dark Templar  
  28  7:38  Probe  
  28  7:40  Dark Templar  
  24  7:58  Probe  
  23  8:22  Probe  
  24  8:31  Probe  
  16  8:35  Probe  
Show
View Real Time Build Order
Export as new Build Order

Jcaires Zerg 

Build Orders: Pool First 

Get SALT Encoding   

  12  0:02  Drone  
  13  0:16  Overlord  
  13  0:18  Drone  
  14  0:34  Drone x2  
  16  0:39  Drone  
  17  0:48  Spawning Pool  
  16  0:50  Extractor  
  16  0:52  Drone  
  16  1:03  Drone  
  17  1:22  Hatchery  
  16  1:26  Drone  
  16  1:31  Drone  
  18  1:37  Drone  
  19  1:48  Zergling x2  
  19  1:50  Queen  
  22  1:56  Overlord  
  22  2:15  Metabolic Boost  
  21  2:23  Zergling x4  
  23  2:31  Zergling x2  
  23  2:36  Zergling x2  
  25  2:40  Zergling x2  
  26  2:47  Queen  
  26  2:48  Overlord  
  28  2:59  Zergling x6  
  31  3:08  Spine Crawler  
  31  3:10  Zergling x8  
  32  3:27  Zergling x4  
  30  3:40  Zergling x2  
  30  3:41  Zergling x10  
  32  3:49  Zergling x2  
  32  3:55  Zergling x2  
  34  3:57  Zergling x2  
  34  4:02  Roach Warren, Zergling x4  
  35  4:11  Zergling x4  
  27  4:17  Zergling x2  
  28  4:28  Zergling x2  
  28  4:29  Zergling x6  
  32  4:37  Zergling x2  
  32  4:38  Zergling x2  
  34  4:41  Zergling x2  
  35  4:48  Zergling x4  
  35  4:56  Roach  
  32  5:01  Zergling x2  
  33  5:07  Roach  
  33  5:12  Zergling x4  
  33  5:21  Roach  
  35  5:33  Roach x2  
  35  5:34  Drone  
  39  5:39  Roach  
  37  5:52  Roach x2  
  37  5:53  Drone  
  42  6:00  Drone x2  
  44  6:10  Roach  
  43  6:15  Overlord  
  43  6:22  Spore Crawler  
  43  6:25  Lair  
  41  6:34  Roach  
  41  6:35  Zergling x2  
  40  6:46  Zergling x6  
  41  7:03  Overlord  
  41  7:05  Ravager x2  
  41  7:06  Ravager  
  41  7:07  Overlord  
  44  7:16  Extractor  
  44  7:20  Overlord  
  43  7:30  Overlord  
  43  7:32  Queen  
  43  7:34  Roach x2  
  49  7:38  Drone  
  50  8:02  Drone x7  
  57  8:12  Drone  
  58  8:16  Ravager x2  
  60  8:24  Overlord  
Show
View Real Time Build Order
Export as new Build Order

Weon Terran - Winner!

Build Orders:  

Get SALT Encoding   

  12  0:01  SCV  
  13  0:13  SCV  
  14  0:18  Supply Depot  
  14  0:25  SCV  
  15  0:40  Barracks, SCV  
  16  0:45  Refinery  
  16  0:52  SCV  
  17  1:04  SCV  
  18  1:16  SCV  
  19  1:29  Reaper  
  19  1:30  Orbital Command  
  19  1:32  Supply Depot  
  20  1:37  Refinery  
  20  1:57  SCV  
  21  2:07  Barracks Reactor  
  21  2:09  SCV  
  21  2:14  Factory  
  22  2:22  SCV  
  23  2:34  SCV  
  24  2:44  Command Center  
  26  2:49  Supply Depot  
  26  2:50  SCV  
  25  3:02  SCV  
  25  3:05  Cyclone  
  29  3:10  Cyclone  
  32  3:14  SCV  
  33  3:21  Barracks Tech Lab  
  33  3:26  SCV  
  33  3:37  Cyclone  
  33  3:40  SCV  
  37  3:47  Barracks x2  
  37  3:49  Supply Depot  
  37  3:55  Cyclone  
  40  4:05  Stimpack  
  40  4:17  SCV  
  35  4:19  Hellion  
  35  4:21  Orbital Command  
  37  4:28  Marine, Hellion  
  40  4:34  SCV  
  42  4:41  Barracks Reactor x2  
  42  4:44  Starport  
  41  4:46  SCV  
  41  4:49  Engineering Bay  
  41  4:50  Marine  
  41  4:51  Engineering Bay  
  43  4:54  SCV  
  43  4:58  SCV  
  45  5:06  SCV  
  46  5:10  SCV  
  49  5:19  SCV  
  46  5:21  Marine x2  
  46  5:22  Marine, SCV  
  46  5:27  Marine x2  
  50  5:31  SCV  
  50  5:32  Refinery, Medivac x2  
  55  5:37  Factory Tech Lab  
  55  5:38  Supply Depot  
  55  5:41  SCV  
  56  5:43  SCV  
  56  5:46  Marine  
  56  5:47  Supply Depot, Marine x4  
  62  5:54  Terran Infantry Armor Level 1, Refinery  
  62  5:56  Terran Infantry Weapons Level 1  
  62  5:58  SCV  
  62  5:59  SCV  
  64  6:04  Marine  
  64  6:09  Marine x3  
  64  6:10  SCV  
  71  6:11  Combat Shield  
  71  6:13  SCV  
  70  6:22  SCV  
  70  6:33  Marine x2  
  67  6:51  SCV x2  
  69  6:54  Marine  
  70  7:07  Medivac x2  
  74  7:10  Command Center  
  74  7:11  Missile Turret  
  74  7:13  Missile Turret, Marine  
  75  7:16  Missile Turret  
  75  7:18  Marine x3  
  75  7:19  Marine  
  75  7:20  Supply Depot  
  79  7:29  SCV x2  
  81  7:31  Marine  
  81  7:32  Siege Tank  
  81  7:34  Armory  
  81  7:36  Marine  
  86  7:38  Supply Depot, Marine x3  
  86  7:39  Supply Depot x2  
  86  7:41  SCV  
  90  7:49  Medivac x2, Marine  
  90  7:51  SCV  
  96  7:54  Marine  
  96  7:55  Barracks  
  96  7:58  Barracks  
  97  7:59  Barracks  
  97  8:00  Marine x2  
  97  8:01  Marine  
  99  8:06  Siege Tank  
Show
View Real Time Build Order
Export as new Build Order

Adversity Terran - Winner!

Build Orders:  

Get SALT Encoding   

  12  0:01  SCV  
  13  0:13  SCV  
  14  0:18  Supply Depot  
  14  0:25  SCV  
  15  0:30  Refinery  
  15  0:40  SCV  
  16  0:47  Barracks  
  16  0:52  SCV  
  17  1:04  Barracks  
  17  1:17  Barracks  
  17  1:21  SCV  
  18  1:34  Reaper  
  19  1:40  Orbital Command  
  19  1:48  Refinery  
  19  1:52  Reaper  
  20  2:01  Supply Depot  
  20  2:04  Reaper  
  21  2:11  Reaper  
  21  2:13  SCV  
  23  2:24  Supply Depot  
  23  2:27  Reaper  
  24  2:30  SCV  
  25  2:38  Reaper  
  26  2:45  Reaper  
  26  2:46  SCV  
  28  2:58  SCV  
  28  3:00  Reaper  
  30  3:09  Command Center  
  30  3:12  SCV  
  31  3:20  Reaper  
  31  3:21  Reaper  
  33  3:32  Reaper  
  33  3:52  Reaper  
  34  3:57  SCV  
  34  4:00  Barracks, Engineering Bay  
  34  4:01  Barracks  
  36  4:03  Supply Depot  
  36  4:09  SCV  
  38  4:21  SCV  
  38  4:24  Barracks Reactor, Barracks Tech Lab  
  38  4:27  Factory  
  38  4:28  Marine  
  38  4:33  Orbital Command  
  38  4:45  Marine  
  38  4:50  Marine x3  
  41  5:05  SCV  
  41  5:06  Marine x2, SCV  
  45  5:09  Stimpack  
  45  5:10  Barracks Reactor  
  45  5:12  Marine x2  
  47  5:17  SCV  
  48  5:33  Marine x3  
  48  5:34  Marine  
  48  5:35  Factory Reactor, Starport  
  52  5:37  SCV x2  
  52  5:38  Terran Infantry Weapons Level 1  
  52  5:40  Marine  
  54  5:50  SCV  
  54  5:51  SCV  
  54  5:53  Supply Depot, Engineering Bay  
  54  5:54  Barracks Tech Lab  
  54  5:55  Barracks Tech Lab  
  51  6:12  Marauder  
  51  6:14  Armory  
  51  6:15  SCV x2  
  55  6:20  Terran Infantry Armor Level 1  
  55  6:24  Marine x6  
  61  6:27  Medivac x2, SCV x2  
  67  6:39  SCV  
  68  6:40  Supply Depot  
  68  6:41  Supply Depot, SCV  
  68  6:44  Refinery  
  68  6:45  Refinery  
  69  6:50  Missile Turret  
  69  6:51  SCV  
  69  6:52  Missile Turret  
  70  7:01  SCV  
  70  7:02  Marine x4  
  70  7:04  Medivac x2  
  79  7:09  Marauder  
  79  7:10  SCV  
  79  7:11  Marine  
  79  7:12  Marauder  
  79  7:14  SCV  
  86  7:25  Supply Depot x3  
  86  7:28  Concussive Shells, Combat Shield  
  86  7:39  Armory  
  86  7:46  SCV x2  
  85  8:01  Marine x4, Marauder x3  
  85  8:04  Medivac, Supply Depot  
  85  8:05  Medivac  
  98  8:12  Supply Depot  
  98  8:21  Marine x3  
  98  8:22  Marine  
  98  8:23  Marine x2  
Tags
 
Add a new tag
Caveats
  • Supply blocks, unpowered buildings, or Contaminate may cause inaccurate times.
  • Supply counts are checked every 10 seconds.